 Dungeon Crawl Stone Soup version 0.31.0-11-ge490571c62 (webtiles) character file.

Game seed: 18399095135078683098

542 Daunt the Poker (level 7, -3/52 HPs)
             Began as a Human Delver on Jan 28, 2024.
             Was an Initiate of Hepliaklqana.
             Slain by an ice beast (5 damage)
             ... on level 5 of the Dungeon.
             The game lasted 00:17:01 (4545 turns).

Daunt the Poker (Human Delver)                      Turns: 4545, Time: 00:17:01

Health: -3/52      AC: 15    Str: 14    XL:     7   Next: 27%
Magic:  25/25      EV:  9    Int: 11    God:    Hepliaklqana [......]
Gold:   244        SH:  0    Dex: 14    Spells: 6/6 levels left

rFire   . . .        t - +2 dagger (protect)
rCold   . . .        (no shield)
rNeg    . . .        v - +0 scale mail
rPois   .            u - +0 helmet "Xureus" {MP+9}
rElec   .            (no cloak)
rCorr   .            B - +0 pair of gloves
SInv    .            (no boots)
Will    .....        (no amulet)
Stlth   ++           i - ring of magical power
HPRegen 0.28/turn    (no ring)
MPRegen 0.19/turn

%: no passive effects
@: under a protective aura, hasted, very quick
A: explore regen
a: Renounce Religion


You were on level 5 of the Dungeon.
You worshipped Hepliaklqana.
Hepliaklqana was noncommittal.
You visited 2 branches of the dungeon, and saw 6 of its levels.

You collected 244 gold pieces.

Inventory:

Hand Weapons
 a - a +0 falchion
 o - a +0 spear
 t - a +2 dagger of protection (weapon)
 w - a +0 sling
Missiles
 h - 23 stones (quivered)
Armour
 b - a +0 leather armour
 u - the +0 helmet "Xureus" (worn) {MP+9}
   (You took it off Robin on level 2 of the Dungeon)

   MP+9:      It affects your magic capacity (+9).
 v - a +0 scale mail (worn)
 B - a +0 pair of gloves (worn)
Jewellery
 i - a ring of magical power (left hand)
 l - a ring of ice
 y - a ring of wizardry
Wands
 g - a wand of digging (3)
Scrolls
 c - 2 scrolls of fog
 d - 3 scrolls of teleportation {unknown}
 e - a scroll of fear
 m - 2 scrolls of revelation
 n - a scroll of immolation {unknown}
 r - 3 scrolls of noise {unknown}
 s - 3 scrolls of identify {unknown}
 x - a scroll of amnesia {unknown}
 A - a scroll of enchant armour {unknown}
 C - a scroll of vulnerability {unknown}
Potions
 j - 2 potions of ambrosia {unknown}
 k - a potion of mutation {unknown}
 p - a potion of invisibility {unknown}
 q - a potion of enlightenment {unknown}
 z - a potion of berserk rage {unknown}
 D - a potion of might {unknown}
 E - a potion of curing {unknown}


   Skills:
 - Level 3.3 Fighting
 - Level 3.6 Long Blades
 + Level 6.5 Polearms
 - Level 2.0 Dodging
 - Level 5.0 Stealth


You had 6 spell levels left.
You didn't know any spells.
Your spell library was empty.

Dungeon Overview and Level Annotations

Branches:
Dungeon (5/15)             Temple (1/1) D:5

Altars:
Ashenzari
Cheibriados
Dithmenos
Elyvilon
Fedhas
Gozag
Hepliaklqana
Kikubaaqudgha
Makhleb
Nemelex Xobeh
Okawaru
Qazlal
Ru
Sif Muna
Trog
Uskayaw
Vehumet
Xom
Zin
The Shining One

Shops:
D:2 (

Annotations:
D:4 Edmund, Eustachio
D:5 exclusion: ogre
Temple 2 transporters


Innate Abilities, Weirdness & Mutations

You regain HP and MP as you explore.


Message History

The ice beast hits you but does no damage.
You closely miss the ice beast.
The ice beast is severely wounded.
You barely miss the ice beast.
The ice beast is severely wounded.
The ice beast hits you but does no damage.
You hit the ice beast but do no damage.
The ice beast is severely wounded.
The ice beast hits you but does no damage.
You hit the ice beast.
The ice beast is almost dead.
The ice beast hits you but does no damage.
You hit the ice beast but do no damage.
The ice beast is almost dead.
The ice beast hits you but does no damage.
You barely miss the ice beast.
The ice beast is almost dead.
The ice beast hits you but does no damage.
You hit the ice beast.
The ice beast is almost dead.
The ice beast hits you but does no damage.
You closely miss the ice beast.
The ice beast is almost dead.
The ice beast barely misses you.
You hit the ice beast.
The ice beast is almost dead.
The ice beast hits you. The ice beast freezes you!
* * * LOW HITPOINT WARNING * * *
You hit the ice beast.
The ice beast is almost dead.
The ice beast hits you.
* * * LOW HITPOINT WARNING * * *
The ice beast freezes you!
* * * LOW HITPOINT WARNING * * *
Unknown command.
Unknown command.
You feel yourself speed up. The ice beast hits you.
* * * LOW HITPOINT WARNING * * *
The ice beast freezes you.
You die...

####......#
[.##......#
#.........#
####......#
#...###############
# ###...............
...
###....#.#..#.#.....
#.#....#..Y..#
#..#.##.#@#.#....#
#|###..#..##.# ###
### ####### ##


You could see an ice beast.

Vanquished Creatures
  A phantom (D:4)
  2 scorpions
  A jelly (D:5)
  3 hounds
  An iguana (D:3)
  Robin (D:2)
  2 gnolls
  9 adders
  2 ufetubi (D:5)
  A dart slug (D:3)
  3 ribbon worms
  2 orcs
  8 bats
  7 endoplasms
  2 giant cockroaches
  13 goblins
  10 hobgoblins
  3 jackals (D:1)
  7 kobolds
  2 quokkas
  3 ball pythons
  A frilled lizard (D:1)
  7 rats
91 creatures vanquished.

Notes
Turn   | Place    | Note
-------+----------+-------------------------------------------
     0 | D:5      | Daunt the Human Delver began the quest for the Orb.
     0 | D:5      | Reached XP level 1. HP: 18/18 MP: 1/1
    73 | D:3      | Found a glowing drain.
   152 | D:3      | Found a radiant altar of Vehumet.
   222 | D:2      | Found Vohiag's Weapon Shop.
   278 | D:2      | Reached XP level 2. HP: 24/24 MP: 2/2
   287 | D:2      | Identified the +0 helmet "Xureus" {MP+9}
   287 | D:2      | Noticed Robin
   621 | D:1      | Reached XP level 3. HP: 29/29 MP: 3/3
  1247 | D:2      | Reached XP level 4. HP: 15/35 MP: 4/4
  1254 | D:2      | Reached skill level 1 in Polearms
  1971 | D:2      | Reached skill level 2 in Polearms
  2048 | D:2      | Killed Robin
  2149 | D:3      | Reached XP level 5. HP: 41/41 MP: 5/5
  2449 | D:3      | Reached skill level 3 in Polearms
  3321 | D:4      | Reached skill level 4 in Polearms
  3428 | D:4      | Noticed Edmund
  3585 | D:4      | Reached XP level 6. HP: 31/47 MP: 6/6
  3672 | D:4      | Noticed Eustachio
  3730 | D:4      | Reached skill level 5 in Polearms
  3981 | D:5      | Found a staircase to the Ecumenical Temple.
  4001 | Temple   | Found a transporter.
  4001 | Temple   | Found a transporter.
  4001 | Temple   | Found a transporter.
  4001 | Temple   | Found a transporter.
  4001 | Temple   | Entered the Ecumenical Temple
  4015 | Temple   | Became a worshipper of Hepliaklqana the Forgotten
  4262 | D:5      | Reached skill level 6 in Polearms
  4262 | D:5      | Reached XP level 7. HP: 51/52 MP: 7/7
  4545 | D:5      | HP: 2/52 [ice beast (1)]
  4545 | D:5      | Slain by an ice beast

Illustrated notes

Levels and vault maps discovered:
D:1:      tarquinn_simple_flora_water_d, layout_loops_ring,
          chequers_serial_rivers_small_b, hex_tiny
D:2:      layout_basic, serial_shops, nicolae_shop_tiny_waterfront, uniq_robin
D:3:      layout_basic, mainiacjoe_overflow_alcove_2, gup_sewer_entry_glass,
          minmay_fractal_squares_gapless_5
D:4:      layout_loops_ring, uniq_edmund, uniq_eustachio
D:5:      layout_rooms, kennysheep_mini_moat,
          minmay_temple_entry_drinking_statues, minmay_misc_feat_rugged,
          minmay_tree_intersection
Temple:   hellmonk_temple_divided_pantheon

Skill      XL: |  1  2  3  4  5  6 |
---------------+-------------------+-----
Long Blades    | 3 |  3.6
Polearms       | 2 4 6 |  6.5
Fighting       | |  3.3
Dodging        | |  2.0
Stealth        | |  5.0

Action                     |  1- 3 |  4- 6 |  7- 9 || total
---------------------------+-------+-------+-------++-------
  Melee: Falchion          |   138 |    42 |       ||   180
         Punch             |     3 |     1 |     1 ||     5
         Dagger            |       |   238 |    85 ||   323
  Throw: Stone             |       |     4 |       ||     4
    Use: Scroll            |     1 |       |       ||     1
         Potion            |       |     1 |     1 ||     2
   Stab: Sleeping          |     7 |     4 |     1 ||    12
         Distracted        |     1 |       |       ||     1
 Armour: Leather armour    |    92 |    53 |       ||   145
         Scale mail        |       |   148 |    59 ||   207
  Dodge: Dodged            |   131 |   146 |    30 ||   307
